 Dungeon Crawl Stone Soup version 0.29.1-2-gbd0b4ee654 (webtiles) character file.

Game seed: 9370724700551038283

186 Descartes the Shield-Bearer (level 5, -7/38 (42) HPs)
             Began as a Formicid Fighter on Oct 23, 2022.
             Mangled by Pikel
             ... wielding a +2 whip of electrocution
              (13 damage)
             ... on level 3 of the Dungeon.
             The game lasted 00:06:09 (3558 turns).

Descartes the Shield-Bearer (Formicid Fighter)      Turns: 3558, Time: 00:06:09

HP:   -7/38 (42)    AC:  7    Str: 20    XL:     5   Next: 98%
MP:   14/14         EV: 10    Int: 10    God:
Gold: 141           SH:  5    Dex: 13    Spells: 4/4 levels left

rFire   . . .      SeeInvis +   a - +0 war axe
rCold   . . .      Faith    .   c - +0 buckler
rNeg    . . .      Spirit   .   o - +2 ring mail "Narocw" {Harm MP+9}
rPois   .          Reflect  .   (helmet unavailable)
rElec   .          Harm     +   (no cloak)
rCorr   .          Rampage  .   (no gloves)
Will    .....                   (no boots)
Stlth   +.........              (no amulet)
HPRegen 0.12/turn               (no ring)
MPRegen 0.14/turn               (no ring)

@: drained
A: permanent stasis, dig shafts and tunnels, antennae 3, four strong arms
a: Dig, Shaft Self


You were on level 3 of the Dungeon.
You visited 1 branch of the dungeon, and saw 4 of its levels.

You collected 151 gold pieces.
You spent 10 gold pieces at shops.

Inventory:

Hand Weapons
 a - a +0 war axe (weapon)
 n - a +0 flail of draining
Armour
 b - a +0 scale mail
 c - a +0 buckler (worn)
 o - the +2 ring mail "Narocw" (worn) {Harm MP+9}
   (You found it on level 2 of the Dungeon)

   MP:        It affects your magic capacity (+9).
   Harm:      It increases damage dealt and taken.
Jewellery
 p - a ring of flight
 q - an amulet of faith
Scrolls
 e - a scroll of fog {unknown}
 f - a scroll of torment {unknown}
 g - a scroll of magic mapping {unknown}
 h - 3 scrolls of teleportation {unknown}
 j - 5 scrolls of identify {unknown}
 l - 2 scrolls of noise {unknown}
 m - a scroll of blinking {unknown}
Potions
 d - 2 potions of might
 i - a potion of degeneration
 k - a potion of brilliance
 s - a potion of attraction
 t - a potion of ambrosia {unknown}


   Skills:
 + Level 4.0 Fighting
 * Level 3.6 Axes
 + Level 4.0 Armour
 + Level 5.0 Shields
 + Level 1.6 Translocations


You had 4 spell levels left.
You didn't know any spells.
Your spell library contained the following spells:

 Spells                   Type           Power      Damage    Failure   Level
 Summon Small Mammal      Summ           0%         N/A       58%         1
 Call Canine Familiar     Summ           0%         N/A       92%         3
 Summon Guardian Golem    Hex/Summ       0%         N/A       92%         3


Dungeon Overview and Level Annotations

Branches:
Dungeon (4/15)
 Temple: D:4-7

Altars:
Nemelex Xobeh
Trog

Shops:
D:1 !

Portals:
Abyss: D:3

Annotations:
D:3 2 transporters, Pikel; caveywoolpert's ghost, amateur MiFi


Innate Abilities, Weirdness & Mutations

You cannot be hasted, slowed, berserked, paralysed or teleported.
You can dig through walls and to a lower floor.
You have a pair of large antennae on your head. (SInv)
Your four strong arms can wield two-handed weapons with a shield.


Message History

You dig through the rock wall.
You feel drained. The lemure attacks as you move away! The lemure hits you.
The lemure attacks as you move away! The lemure hits you but does no damage.
You retract your mandibles.
The lemure attacks as you move away! The lemure barely misses you.
The lemure barely misses you. The lemure attacks as you move away!
The lemure barely misses you.
There is a stone staircase leading up here.
The lemure hits you.
You barely miss Pikel. Pikel hits you but does no damage.
Unknown command.
Pikel hits you with a +2 whip of electrocution!
You climb upwards.
Level annotation: 2 transporters, caveywoolpert's ghost, amateur MiFi
There is a stone staircase leading down here.
Pikel attacks as you move away! You block Pikel's attack.
You feel very mighty all of a sudden.
Pikel hits you with a +2 whip of electrocution.
* * * LOW HITPOINT WARNING * * *
It was a potion of attraction.
You feel attractive to monsters. Pikel closely misses you.
It was a potion of brilliance.
You feel clever all of a sudden. Pikel closely misses you.
It was a potion of cancellation.
Your magical effects are unravelling.
You feel magically purged.
You feel a little less mighty now.
You feel a little less clever now.
Pikel says, "You'll make a fine lemure."
Pikel closely misses you.
You feel less attractive to monsters.
You hit Pikel.
Pikel is lightly wounded.
You block Pikel's attack.
You barely miss Pikel.
Pikel is lightly wounded.
Pikel completely misses you.
Pikel says, "You'll make a fine lemure."
Pikel hits you with a +2 whip of electrocution!
You die...

....#.# #.#........# #.# .#..#.#
#.##.##..#.# #.. ....#.#
#........#+### #.# ##.##.#
####.###.....# #.# ...)#.#
###....# #.....# #.# ##..#.#
#####...######.....####..
......###........................
###.....#...................[....
#....#..#.......@....##......©...
#.##.#..'......K....####....###..
#.##.#.##........####.###..##.#..
#.##.#.##....>..##.©...{#..##.#..
#.##.#.####.....#..#5.###..##.##.
#.##.#.# #.....##...###...##..#.
#.##.#.# #......## .#....##...#.
#.##.#.# #......# .##.### ..##.
#.##.#.# #.....## {###{..###..


You could see Pikel.

Vanquished Creatures
  An orc priest (D:2)
  An iguana (D:4)
  5 adders
  3 worms
  2 dart slugs
  7 orcs
  6 ball pythons
  4 endoplasms
  4 giant cockroaches
  7 goblins
  4 hobgoblins
  7 kobolds
  2 quokkas (D:1)
  3 bats
  15 frilled lizards
  2 rats (D:1)
73 creatures vanquished.

Vanquished Creatures (others)
  8 plants
8 creatures vanquished.

Grand Total: 81 creatures vanquished

Notes
Turn   | Place    | Note
-------+----------+-------------------------------------------
     0 | D:1      | Descartes the Formicid Fighter began the quest for the Orb.
     0 | D:1      | Reached XP level 1. HP: 18/18 MP: 1/1
   134 | D:1      | Reached XP level 2. HP: 24/24 MP: 2/2
   363 | D:1      | Found a faded altar of an unknown god.
   451 | D:1      | Found Epsecur's Distillery.
   477 | D:1      | Bought a potion of degeneration for 10 gold pieces
   488 | D:1      | Reached XP level 3. HP: 28/29 MP: 3/3
   960 | D:2      | Reached skill level 1 in Translocations
  1119 | D:2      | Found a sparkling altar of Nemelex Xobeh.
  1475 | D:2      | Identified the +2 ring mail "Narocw" {Harm MP+9}
  1602 | D:2      | Reached XP level 4. HP: 37/37 MP: 4/4
  2017 | D:3      | Reached XP level 5. HP: 38/42 MP: 5/5
  2241 | D:3      | Found a transporter.
  2531 | D:3      | Found a bloodstained altar of Trog.
  2698 | D:3      | Found a transporter.
  2710 | D:3      | Found a one-way gate to the infinite horrors of the Abyss.
  2710 | D:3      | Noticed caveywoolpert's ghost (amateur MiFi)
  3362 | D:4      | Reached skill level 5 in Shields
  3422 | D:4      | Noticed a lemure
  3422 | D:4      | Noticed a lemure
  3423 | D:4      | Noticed Pikel
  3558 | D:3      | Mangled by Pikel

Illustrated notes

Levels and vault maps discovered:
D:1:      dpeg_arrival_oval, layout_rooms, serial_shops, shop, serial_glass,
          glass_columns_a, glass_columns_a, glass_columns_a, glass_columns_b,
          glass_columns_b, glass_columns_a, glass_columns_a, glass_columns_a,
          glass_columns_b, glass_columns_a, hellmonk_ecumenical_altar_zigzags
D:2:      cheibrodos_pilgrimage, layout_basic, serial_forest,
          infiniplex_forest_clump_small, infiniplex_forest_lined_2,
          infiniplex_forest_clump_curved, infiniplex_forest_lined_3_way,
          infiniplex_forest_lined_3_way, infiniplex_forest_end_3,
          infiniplex_forest_lined_ring, infiniplex_forest_straight_2,
          infiniplex_forest_corner_1, basic_altar,
          hangedman_abyss_or_decor_stabs, minmay_misc_feat_x, minivault_4
D:3:      layout_basic, bloody_trog, gammafunk_ghost_abyssal_escape,
          minmay_lizard_king
D:4:      layout_basic, uniq_pikel

Skill      XL: |  1  2  3  4  5 |
---------------+----------------+-----
Translocations | 1 |  1.6
Axes           | 3 |  3.6
Fighting       | 4 |  4.0
Armour         | 4 |  4.0
Shields        | 5 |  5.0

Action                   |  1- 3 |  4- 6 || total
-------------------------+-------+-------++-------
Melee: War axe           |    86 |   108 ||   194
 Abil: Dig               |       |     2 ||     2
  Use: Potion            |       |     4 ||     4
Armor: Scale mail        |    35 |    11 ||    46
       Ring mail         |       |    22 ||    22
Dodge: Dodged            |    42 |    64 ||   106
Block: Buckler           |    36 |    30 ||    66
